 Dungeon Crawl Stone Soup version 0.28-a0-1117-g0bdd5ba030 (webtiles) character file.

Game seed: 7357289843909815314

15034 SensoryNuts the Cruncher (level 11, -5/84 HPs)
             Began as a Demonspawn Gladiator on Dec 12, 2021.
             Was the Champion of Jiyva.
             Slain by a manticore (13 damage)
             ... on level 12 of the Dungeon.
             The game lasted 00:18:14 (8609 turns).

SensoryNuts the Cruncher (Demonspawn Gladiator)     Turns: 8609, Time: 00:18:15

Health: -5/84      AC: 13    Str: 18    XL:     11   Next: 96%
Magic:  11/11      EV: 11    Int: 11    God:    Jiyva [******]
Gold:   342        SH:  0    Dex: 20    Spells: 10/10 levels left

rFire   + . .      SeeInvis .   o - +4 quarterstaff (chaos)
rCold   + . .      Faith    .   (shield currently unavailable)
rNeg    . . .      Spirit   .   x - +0 plate armour
rPois   .          Reflect  .   (no helmet)
rElec   .          Harm     .   (no cloak)
rCorr   +          Rampage  .   (no gloves)
Will    .....                   (no boots)
Stlth   ..........              (no amulet)
HPRegen 3.84/turn               (no ring)
MPRegen 0.62/turn               (no ring)

@: spiked
A: yellow scales 2, powered by death 2, spiny 2, demonic touch 1, agile 2,
clever 1, cold resistance 1, fire resistance 1, gelatinous body 2, pseudopods 3,
evolution 1
a: Renounce Religion, Oozemancy, Slimify


You were on level 12 of the Dungeon.
You worshipped Jiyva.
Jiyva was exalted by your worship.
You visited 1 branch of the dungeon, and saw 12 of its levels.

You collected 342 gold pieces.

Inventory:

Hand Weapons
 a - a +0 long sword
 e - a +2 dagger of venom
 m - a +3 dagger of chaos
 o - a +4 quarterstaff of chaos (weapon)
 p - the +3 spear of Calculation {speed, rC- Dex+7 SInv}
   (You found it on level 5 of the Dungeon)

   Attacks with this weapon are significantly faster.
   Dex:       It affects your dexterity (+7).
   rC:        It makes you vulnerable to cold.
   SInv:      It lets you see invisible.
 q - a +2 hand axe of draining
 s - a +3 dire flail
 v - a +4 morningstar of freezing
 A - a +1 long sword of electrocution
Missiles
 d - 4 throwing nets
Armour
 b - a +0 leather armour
 c - a +0 helmet
 u - a +0 troll leather armour
 w - a +1 robe of the Archmagi
 x - a +0 plate armour (worn)
Jewellery
 t - a +6 ring of intelligence
 y - a ring of poison resistance
Wands
 i - a wand of paralysis (1) (quivered)
Scrolls
 g - 2 scrolls of teleportation
 h - 2 scrolls of identify
 j - a scroll of holy word
 r - a scroll of noise


   Skills:
 + Level 7.6 Fighting
 + Level 4.4(4.9) Short Blades
 + Level 3.0(4.2) Long Blades
 + Level 10.6 Staves
 + Level 1.7 Throwing
 + Level 8.4 Armour
 + Level 6.7 Dodging
 + Level 5.4 Stealth
 + Level 2.8 Evocations


You had 10 spell levels left.
You didn't know any spells.
Your spell library contained the following spells:

 Spells                   Type           Power      Damage    Failure   Level
 Slow                     Hex            0%         N/A       100%        1
 Blink                    Tloc           0%         N/A       100%        2
 Sublimation of Blood     Necr           0%         N/A       100%        2
 Wereblood                Tmut           0%         N/A       100%        2
 Confusing Touch          Hex            0%         N/A       100%        3
 Conjure Flame            Conj/Fire      0%         6-21      100%        3
 Ignite Poison            Fire/Tmut/Pois 0%         N/A       100%        3
 Lesser Beckoning         Tloc           0%         N/A       100%        3
 Vampiric Draining        Necr           0%         2d6       100%        3
 Sticky Flame             Conj/Fire      0%         2d3       100%        4
 Manifold Assault         Tloc           0%         N/A       100%        5
 Yara's Violent Unravell  Hex/Tmut       0%         3d3       100%        5
 Summon Hydra             Summ           0%         N/A       100%        7


Dungeon Overview and Level Annotations

Branches:
Dungeon (12/15)            Temple (0/1) D:7            Lair (0/6) D:9
    Orc (0/2) D:12

Altars:
Nemelex Xobeh
Wu Jian
Jiyva

Shops:
D:2 ?   D:6 *

Portals:
Trove: D:10 (give +3 ice dragon scales)


Innate Abilities, Weirdness & Mutations

You are mostly covered in yellow scales. (AC +3)
You regenerate health from kills.
You are mostly covered in sharp spines.
Your touch may inflict minor irresistible damage on your foes.
You are very agile. (Dex +4)
Your mind is acute. (Int +2)
Your flesh is cold resistant. (rC+)
Your flesh is heat resistant. (rF+)
Your pliable body absorbs attacks. (AC +2, EV +2)
Armour fits poorly on your massive pseudopods.
You have hidden genetic potential.


Message History

The orc priest seems to speed up.
The orc priest misses you.
You hear a distant slurping noise.
Something bites you but does no damage. Something claws you. x2
You hit the orc priest.
The orc priest flickers and vanishes!
Something hits you but does no damage.
The barbs in your skin will harm you if you move.
Continue? [Y]es or [N]o only, please.
The barbs in your skin will harm you if you move.
Continue? [Y]es or [N]o only, please.
The barbs in your skin will harm you if you move.
Continue? [Y]es or [N]o only, please.
The barbs in your skin will harm you if you move.
Continue? [Y]es or [N]o only, please.
The barbs in your skin will harm you if you move.
Continue? [Y]es or [N]o only, please.
The barbs in your skin will harm you if you move.
Continue? [Y]es or [N]o only, please.
The barbs in your skin will harm you if you move.
Continue? [Y]es or [N]o only, please.
The barbs in your skin will harm you if you move.
Continue?
Okay, then.
An ogre zombie is nearby!
You sock the ogre zombie!
The ogre zombie is moderately damaged.
Something hits you. Something bites you. Something claws you.
Something claws you but does no damage.
The ogre zombie is struck by your spines.
The ogre zombie hits you. Something hits you but does no damage.
You sock the ogre zombie!
The ogre zombie is almost destroyed.
Something bites you!!
* * * LOW HITPOINT WARNING * * *
Something claws you but does no damage. x2; Something hits you.
* * * LOW HITPOINT WARNING * * *
Unknown command.
You sock the ogre zombie! You burn the ogre zombie.
You destroy the ogre zombie!
Reactivating autopickup.
You feel a bit more experienced. Something bites you!
You die...

.#####.†...## #.....#
......+ #.....#
......#####...####
.^....##....8....#
......##.........# ##
......##.........# ..###
......##.........#......
......#.........@{......
.................)......
#'####..8...>...8.......
......#......(....#'#...
......#.............# ..
......##.........#..# .
...J.###.........#..
.....# #.........####
.....# ....8.


There were no monsters in sight!

Vanquished Creatures
  Josephine (D:11)
  A wizard (D:10)
  4 lindwurms (D:11)
  3 manticores (D:12)
  An ugly thing (D:10)
  A cyclops (D:10)
  Maurice (D:9)
  Psyche (D:9)
  A troll (D:9)
  A polar bear (shapeshifter) (D:10)
  Grinder (D:4)
  4 wraiths (D:11)
  4 wyverns
  Grum (D:11)
  22 yaks
  A steam dragon (D:8)
  Menkaure (D:5)
  An acid dragon (D:11)
  Duvessa (D:4)
  2 necrophages
  2 orc warriors (D:9)
  2 black bears
  An ice beast (D:8)
  2 centaurs
  An ogre (D:4)
  2 wolves (D:11)
  2 bullfrogs
  A gnoll sergeant (D:10)
  2 scorpions (D:6)
  6 killer bees (D:8)
  3 wights (D:9)
  4 howler monkeys
  3 hounds
  A bullfrog zombie (D:5)
  Crazy Yiuf (D:4)
  8 orc priests
  A gnoll shaman (D:9)
  A bullfrog skeleton (D:5)
  9 orc wizards
  An ogre zombie (D:12)
  A hound zombie (D:5)
  6 gnolls
  11 adders
  A shadow imp (D:7)
  A white imp (D:7)
  2 ufetubi (D:6)
  A worm (D:2)
  A dart slug (D:2)
  24 orcs
  2 bats
  An endoplasm (D:1)
  11 goblins
  10 hobgoblins
  4 quokkas
  6 ball pythons
  A frilled lizard (D:1)
  6 kobolds
  3 orc zombies (D:12)
  11 rats
209 creatures vanquished.

Vanquished Creatures (collateral kills)
  A boulder beetle (D:12)
  A two-headed ogre (D:10)
  A wraith (D:11)
  3 yaks (D:12)
6 creatures vanquished.

Vanquished Creatures (others)
  A polar bear (shapeshifter) (D:10)
  6 slime creatures (D:12)
  A wraith (D:10)
  3 two-headed ogre zombies (D:12)
  A water moccasin (D:6)
  A sky beast (D:5)
  A phantom (D:12)
  A centaur (D:8)
  15 jellies
  Dowan (D:4)
  A troll zombie (D:12)
  An iguana (D:6)
  3 ogre zombies (D:12)
  A howler monkey skeleton (D:5)
  3 gnolls (D:9)
  A dart slug (D:4)
  An endoplasm (D:4)
  2 orcs
  3 goblins
  6 hobgoblins
  A ball python (D:4)
  A bat (D:1)
  A goblin skeleton (D:12)
  A goblin zombie (D:12)
  3 hobgoblin zombies (D:12)
  3 kobolds
  An orc skeleton (D:12)
  10 orc zombies (D:12)
  A rat (D:1)
75 creatures vanquished.

Grand Total: 290 creatures vanquished

Notes
Turn   | Place    | Note
-------+----------+-------------------------------------------
     0 | D:1      | SensoryNuts the Demonspawn Gladiator began the quest for
                  | the Orb.
     0 | D:1      | Reached XP level 1. HP: 16/16 MP: 1/1
   275 | D:1      | Gained mutation: You are partially covered in yellow
                  | scales. (AC +2) [demonic ancestry]
   275 | D:1      | Reached XP level 2. HP: 22/22 MP: 2/2
   291 | D:1      | Found a faded altar of an unknown god.
   332 | D:1      | Prayed at the altar of an unknown god.
   332 | D:1      | Became a worshipper of Jiyva Juagu the Shapeless
   332 | D:1      | Reached * piety under Jiyva
   636 | D:1      | Reached ** piety under Jiyva
   897 | D:2      | Found Raeh's Magic Scroll Shoppe.
   937 | D:2      | Gained mutation: You are mostly covered in yellow scales.
                  | (AC +3) [demonic ancestry]
   937 | D:2      | Reached XP level 3. HP: 27/27 MP: 3/3
   989 | D:2      | Reached *** piety under Jiyva
  1005 | D:2      | Gained mutation: You have a small jelly attached to you
                  | that senses nearby items. [Jiyva's grace]
  1005 | D:2      | Gained mutation: Your rubbery body absorbs attacks. (AC +1,
                  | EV +1) [Jiyva's grace]
  1005 | D:2      | Gained mutation: Your pliable body absorbs attacks. (AC +2,
                  | EV +2) [Jiyva's grace]
  1005 | D:2      | Gained mutation: Your gelatinous body deflects attacks. (AC
                  | +3, EV +3) [Jiyva's grace]
  1092 | D:2      | Reached skill level 1 in Short Blades
  1396 | D:3      | Reached skill level 1 in Stealth
  1396 | D:3      | Reached XP level 4. HP: 28/33 MP: 4/4
  1400 | D:3      | Reached skill level 1 in Armour
  2123 | D:4      | Reached XP level 5. HP: 39/39 MP: 5/5
  2133 | D:4      | Reached **** piety under Jiyva
  2162 | D:4      | Noticed Grinder
  2182 | D:4      | Killed Grinder
  2183 | D:4      | Gained mutation: You are partially covered in sharp spines.
                  | [demonic ancestry]
  2183 | D:4      | Reached XP level 6. HP: 46/46 MP: 6/6
  2499 | D:4      | Killed Dowan
  2567 | D:4      | Noticed Duvessa
  2575 | D:4      | Gained mutation: You are mostly covered in sharp spines.
                  | [demonic ancestry]
  2575 | D:4      | Reached XP level 7. HP: 34/51 MP: 7/7
  2576 | D:4      | Killed Duvessa
  2621 | D:4      | Found a runed translucent door.
  2622 | D:4      | Noticed Crazy Yiuf
  2913 | D:4      | Killed Crazy Yiuf
  2966 | D:5      | Entered Level 5 of the Dungeon
  3024 | D:5      | Gained mutation: You are covered in slimy tendrils that may
                  | disarm your opponents. [Jiyva's grace]
  3024 | D:5      | Gained mutation: Your muscles are strong. (Str +2) [Jiyva's
                  | grace]
  3024 | D:5      | Gained mutation: Your muscles are very strong. (Str +4)
                  | [Jiyva's grace]
  3024 | D:5      | Gained mutation: You have a pair of small horns on your
                  | head. [Jiyva's grace]
  3098 | D:5      | Identified the +3 spear of Calculation {speed, rC- Dex+7
                  | SInv}
  3133 | D:5      | Reached skill level 1 in Staves
  3136 | D:5      | Reached ***** piety under Jiyva
  3414 | D:5      | Noticed Menkaure
  3420 | D:5      | Killed Menkaure
  3421 | D:5      | Reached skill level 2 in Staves
  3421 | D:5      | Reached XP level 8. HP: 58/58 MP: 8/8
  3567 | D:5      | Identified a scroll of acquirement
  3567 | D:5      | Acquired 876 gold pieces
  3573 | D:6      | Lost mutation: You have a pair of small horns on your head.
                  | [potion of mutation]
  3573 | D:6      | Lost mutation: You have a small jelly attached to you that
                  | senses nearby items. [potion of mutation]
  3573 | D:6      | Gained mutation: You have a pair of small horns on your
                  | head. [potion of mutation]
  3573 | D:6      | Lost mutation: You have a pair of small horns on your head.
                  | [potion of mutation]
  3573 | D:6      | Gained mutation: Your mind is acute. (Int +2) [potion of
                  | mutation]
  3606 | D:6      | Reached skill level 3 in Staves
  3663 | D:6      | Found Cophoss's Assorted Antiques.
  3705 | D:6      | Found a sparkling altar of Nemelex Xobeh.
  3755 | D:6      | Reached skill level 4 in Staves
  3880 | D:7      | Reached skill level 5 in Dodging
  3884 | D:7      | Reached skill level 5 in Staves
  3884 | D:7      | Gained mutation: You regenerate a little health from kills.
                  | [demonic ancestry]
  3884 | D:7      | Reached XP level 9. HP: 52/66 MP: 9/9
  3953 | D:7      | Found a staircase to the Ecumenical Temple.
  4108 | D:7      | Lost mutation: Your gelatinous body deflects attacks. (AC
                  | +3, EV +3) [Jiyva's grace]
  4108 | D:7      | Lost mutation: You are covered in slimy tendrils that may
                  | disarm your opponents. [Jiyva's grace]
  4108 | D:7      | Gained mutation: You are agile. (Dex +2) [Jiyva's grace]
  4108 | D:7      | Gained mutation: You are very agile. (Dex +4) [Jiyva's
                  | grace]
  4108 | D:7      | Gained mutation: Armour fits poorly on your pseudopods.
                  | [Jiyva's grace]
  4108 | D:7      | Gained mutation: Armour fits poorly on your large
                  | pseudopods. [Jiyva's grace]
  4174 | D:7      | Reached ****** piety under Jiyva
  4460 | D:8      | Reached skill level 6 in Staves
  5196 | D:9      | Reached skill level 5 in Fighting
  5196 | D:9      | Reached skill level 7 in Staves
  5290 | D:9      | Noticed a troll
  5301 | D:9      | Killed a troll
  5409 | D:9      | Noticed Maurice
  5422 | D:9      | Reached skill level 5 in Stealth
  5437 | D:9      | Killed Maurice
  5438 | D:9      | Gained mutation: Your touch may inflict minor irresistible
                  | damage on your foes. [demonic ancestry]
  5438 | D:9      | Reached XP level 10. HP: 71/74 MP: 10/10
  5529 | D:9      | Found a staircase to the Lair.
  5567 | D:9      | Noticed Psyche
  5571 | D:9      | Killed Psyche
  5587 | D:9      | Lost mutation: Your muscles are very strong. (Str +4)
                  | [Jiyva's grace]
  5587 | D:9      | Lost mutation: Your pliable body absorbs attacks. (AC +2,
                  | EV +2) [Jiyva's grace]
  5587 | D:9      | Lost mutation: Armour fits poorly on your large pseudopods.
                  | [Jiyva's grace]
  5587 | D:9      | Gained mutation: Your pliable body absorbs attacks. (AC +2,
                  | EV +2) [Jiyva's grace]
  5587 | D:9      | Gained mutation: Your gelatinous body deflects attacks. (AC
                  | +3, EV +3) [Jiyva's grace]
  5587 | D:9      | Gained mutation: You have hidden genetic potential.
                  | [Jiyva's grace]
  5587 | D:9      | Gained mutation: You have great hidden genetic potential.
                  | [Jiyva's grace]
  5673 | D:9      | Reached skill level 8 in Staves
  6070 | D:10     | Entered Level 10 of the Dungeon
  6279 | D:10     | Reached skill level 5 in Armour
  6390 | D:10     | Noticed a two-headed ogre
  6400 | D:10     | Killed a two-headed ogre
  6401 | D:10     | Reached skill level 9 in Staves
  6513 | D:10     | Noticed a wizard
  6525 | D:10     | Killed a wizard
  6563 | D:10     | Noticed a cyclops
  6570 | D:10     | Killed a cyclops
  6571 | D:10     | Gained mutation: You regenerate health from kills. [demonic
                  | ancestry]
  6571 | D:10     | Reached XP level 11. HP: 59/83 MP: 11/11
  6592 | D:10     | Noticed a brown ugly thing
  6601 | D:10     | Killed a brown ugly thing
  6669 | D:10     | Found a flagged portal.
  6854 | D:10     | Found an ornate altar of the Wu Jian Council.
  6873 | D:10     | Found a portal to a secret trove of treasure.
  7123 | D:11     | Noticed Josephine
  7148 | D:11     | Gained mutation: Your flesh is cold resistant. (rC+)
                  | [hidden potential]
  7528 | D:11     | Killed Josephine
  7537 | D:11     | Reached skill level 10 in Staves
  7590 | D:11     | Noticed Grum
  7599 | D:11     | Killed Grum
  7861 | D:11     | Noticed a lindwurm
  7861 | D:11     | Noticed a lindwurm
  7863 | D:11     | Noticed a lindwurm
  7908 | D:11     | Noticed a lindwurm
  8037 | D:11     | Killed a lindwurm
  8038 | D:11     | Killed a lindwurm
  8057 | D:11     | Killed a lindwurm
  8058 | D:11     | Reached skill level 1 in Evocations
  8058 | D:11     | Killed a lindwurm
  8182 | D:12     | Lost mutation: Your muscles are strong. (Str +2) [Jiyva's
                  | grace]
  8182 | D:12     | Lost mutation: Your gelatinous body deflects attacks. (AC
                  | +3, EV +3) [Jiyva's grace]
  8182 | D:12     | Lost mutation: Armour fits poorly on your pseudopods.
                  | [Jiyva's grace]
  8182 | D:12     | Lost mutation: You have great hidden genetic potential.
                  | [Jiyva's grace]
  8182 | D:12     | Gained mutation: Armour fits poorly on your pseudopods.
                  | [Jiyva's grace]
  8182 | D:12     | Gained mutation: Armour fits poorly on your large
                  | pseudopods. [Jiyva's grace]
  8182 | D:12     | Gained mutation: Armour fits poorly on your massive
                  | pseudopods. [Jiyva's grace]
  8182 | D:12     | Gained mutation: Your flesh is heat resistant. (rF+)
                  | [Jiyva's grace]
  8480 | D:12     | Noticed a boulder beetle
  8529 | D:12     | Killed a boulder beetle
  8546 | D:12     | Found a staircase to the Orcish Mines.
  8609 | D:12     | Slain by a manticore

Illustrated notes

Levels and vault maps discovered:
D:1:      shiori_arrival_oz, layout_basic, hellmonk_ecumenical_altar_crossroads
D:2:      cheibrodos_greedy_goblins, layout_loops_cross, serial_shops,
          nicolae_square_shop, eino_tiny_chamber, minmay_rat_gold_closets
D:3:      layout_basic, serial_curves, eino_curves_03, eino_curves_03
D:4:      layout_loops_ring, uniq_grinder, uniq_duvessa, uniq_crazy_yiuf_cottage
D:5:      layout_gridville, nicolae_overflow_hidden_temple, uniq_menkaure
D:6:      layout_cave_pools, lemuel_round_altar, serial_shops, kennysheep_mini
D:7:      layout_basic, minmay_temple_entry_glassed_door
D:8:      layout_loops_corners, minmay_holes
D:9:      layout_cave_pods, lair_entry_dummy, uniq_psyche, uniq_maurice
D:10:     layout_loops_ring, kennysheep_mini_moat, enter_bailey_4,
          enter_trove_3, minmay_misc_feat_plants, kb_rosetta
D:11:     layout_roguey, minmay_lindwurm_lava, uniq_grum, uniq_josephine
D:12:     layout_gridville, zombieorc2_lemuel, kennysheep_boxes

Skill      XL: |  1  2  3  4  5  6  7  8  9 10 11 |
---------------+----------------------------------+-----
Long Blades    | 3 |  3.0
Dodging        | 3 4 5 6 |  6.7
Short Blades   | 1 2 3 4 |  4.4
Stealth        | 1 2 3 4 5 |  5.4
Armour         | 1 2 3 4 6 8 |  8.4
Fighting       | 3 4 5 6 7 |  7.6
Staves         | 2 5 7 9 10 | 10.6
Evocations     | 2 |  2.8
Throwing       | |  1.7

Action                   |  1- 3 |  4- 6 |  7- 9 | 10-12 || total
-------------------------+-------+-------+-------+-------++-------
Melee: Dagger            |   114 |    97 |     9 |       ||   220
       Long sword        |     1 |       |       |       ||     1
       Quarterstaff      |       |       |   146 |   233 ||   379
       Headbutt          |       |       |     7 |       ||     7
       Pseudopods        |       |       |    11 |    72 ||    83
Evoke: Wand              |       |       |       |    31 ||    31
  Use: Potion            |       |     2 |     5 |     2 ||     9
       Scroll            |       |       |     7 |     4 ||    11
 Stab: Sleeping          |     3 |     3 |     6 |       ||    12
       Paralysed         |       |       |       |     5 ||     5
Armor: Leather armour    |    40 |    23 |    53 |     1 ||   117
       Skin              |       |     1 |       |       ||     1
       Plate armour      |       |       |       |   100 ||   100
Dodge: Dodged            |    71 |    57 |   119 |   115 ||   362

Table legend: (Time is in decaauts)
 A = Elapsed time spent in this place.
 B = Non-inter-level travel time spent in this place.
 C = Inter-level travel time spent in this place.
 D = Time resting spent in this place.
 E = Time spent auto-exploring this place.
 F = Levels seen in this place.
 G = Mean time per level.
                   A        B        C        D        E       F      G
               +--------+--------+--------+--------+--------+-----+--------+
         Total |   8626 |   8626 |      0 |    620 |   5748 |  12 |  718.8 |
       Dungeon |   8626 |   8626 |      0 |    620 |   5748 |  12 |  718.8 |
               +--------+--------+--------+--------+--------+-----+--------+

Top non-repeatable levels by time:
    D:11: 1080 daAuts
    D:10: 1057 daAuts
     D:9: 883 daAuts
     D:4: 869 daAuts
     D:8: 843 daAuts
     D:3: 747 daAuts
     D:1: 666 daAuts
     D:2: 663 daAuts
     D:5: 611 daAuts
     D:7: 543 daAuts
    D:12: 423 daAuts
     D:6: 236 daAuts
